| TOP OF THE 1ST |
|
Peoria Chiefs batting - Pitching for Great Lakes Loons : RHP Mark McDonald
|
|
Pitching: RHP Mark McDonald
|
|
|
Batting: RHB Josh Martin
|
0-0: Ball 1-0: Ground out 1-3 (Groundball, 13S, EV 75.0 MPH)
|
|
Batting: RHB Dan Boykins
|
0-0: SINGLE (Groundball, 56D, EV 101.3 MPH)
|
|
Batting: RHB Terry Baginski
|
0-0: Ball 1-0: Ball 2-0: Called Strike 2-1: Ball 3-1: Base on Balls Dan Boykins to second
|
|
Batting: LHB Ken Compton
|
0-0: Fielders Choice at 2nd, 3-6 (Groundball, 34, EV 83.8 MPH) Dan Boykins to third
|
|
Batting: RHB Justin Reich
|
0-0: DOUBLE (Line Drive, 5D, EV 95.0 MPH) Dan Boykins scores Ken Compton to third
|
|
Batting: RHB Chris Simmons
|
0-0: Ball 1-0: Ball 2-0: Swinging Strike 2-1: Ground out 6-3 (Groundball, 56, EV 81.9 MPH)
|
| Top of the 1st over - 1 run, 2 hits, 0 errors, 2 left on base; Peoria 1 - Great Lakes 0 |
| BOTTOM OF THE 1ST |
|
Great Lakes Loons batting - Pitching for Peoria Chiefs : RHP Matt Hamm
|
|
Pitching: RHP Matt Hamm
|
|
|
Batting: RHB Ken Jenkins
|
0-0: Called Strike 0-1: Fly out, F9 (Flyball, 9S, EV 90.0 MPH)
|
|
Batting: RHB Alex Mejia
|
0-0: SINGLE (Line Drive, 8LS, EV 111.9 MPH)
|
|
Batting: LHB Antonio Luis
|
0-0: Ball 1-0: Called Strike Alex Mejia steals 2nd base 1-1: Ball 2-1: Foul Ball, location: 2F 2-2: SINGLE (Line Drive, 8LS, EV 96.3 MPH) Alex Mejia to third Runner from 3rd tries for Home, SAFE, throw by CF to home Antonio Luis to second
|
|
Batting: RHB Mike Sims
|
0-0: Foul Ball, location: 2F 0-1: Foul Ball, location: 2F 0-2: Ball 1-2: Foul Ball, location: 2F 1-2: Ball 2-2: Ball 3-2: DOUBLE (Flyball, 78D, EV 93.8 MPH) Antonio Luis scores
|
|
Batting: LHB Jim Chalk
|
0-0: Called Strike 0-1: Ball 1-1: Ball 2-1: SINGLE (Groundball, 25, EV 71.9 MPH) (infield hit) Mike Sims to third
|
|
Batting: LHB Alberto Chavez
|
0-0: Fly out, F8 (Flyball, 8LM, EV 73.1 MPH) Runner from 3rd tags up, SCORES, throw by CF
|
|
Batting: RHB Phil Knox
|
0-0: Called Strike 0-1: Swinging Strike 0-2: Fly out, F9 (Flyball, 9, EV 94.4 MPH)
|
| Bottom of the 1st over - 3 runs, 4 hits, 0 errors, 1 left on base; Peoria 1 - Great Lakes 3 |
| TOP OF THE 2ND |
|
Peoria Chiefs batting - Pitching for Great Lakes Loons : RHP Mark McDonald
|
|
Batting: SHB Steve Barnett
|
0-0: Ball 1-0: Foul Ball, location: 2F 1-1: Ball 2-1: Foul Ball, location: 2F 2-2: Strikes out swinging
|
|
Batting: RHB Francisco Vargas
|
0-0: Ball 1-0: Fly out, F7 (Flyball, 7LD, EV 105.0 MPH)
|
|
Batting: RHB Perry Huse
|
0-0: Foul Ball, location: 2F 0-1: Ground out 6-3 (Groundball, 6, EV 91.3 MPH)
|
| Top of the 2nd over - 0 runs, 0 hits, 0 errors, 0 left on base; Peoria 1 - Great Lakes 3 |
| BOTTOM OF THE 2ND |
|
Great Lakes Loons batting - Pitching for Peoria Chiefs : RHP Matt Hamm
|
|
Batting: RHB Josh Kimbrell
|
0-0: Fly out, F9 (Line Drive, 9, EV 93.1 MPH)
|
|
Batting: RHB Santos Guadalupe
|
0-0: Foul Ball, location: 2F 0-1: Ball 1-1: SINGLE (Line Drive, 7S, EV 105.0 MPH)
|
|
Batting: RHB Ken Jenkins
|
0-0: Called Strike 0-1: Foul Ball, location: 2F 0-2: Foul Ball, location: 2F 0-2: SINGLE (Groundball, 6MD, EV 108.8 MPH) Santos Guadalupe to second
|
|
Batting: RHB Alex Mejia
|
0-0: Ball 1-0: Ball 2-0: Ball 3-0: Called Strike 3-1: Called Strike 3-2: Reached on error, E6 (Groundball, 6, EV 96.9 MPH) Santos Guadalupe to third Ken Jenkins to second
|
|
Batting: LHB Antonio Luis
|
0-0: Ball 1-0: Ball 2-0: Foul Ball, location: 2F 2-1: Foul Ball, location: 2F 2-2: Foul Ball, location: 2F 2-2: Hit by Pitch Santos Guadalupe scores Ken Jenkins to third Alex Mejia to second
|
|
Batting: RHB Mike Sims
|
0-0: Ball Wild Pitch! Ken Jenkins scores Alex Mejia to third Antonio Luis to second 1-0: Ball 2-0: Swinging Strike 2-1: Swinging Strike 2-2: Strikes out looking
|
|
Batting: LHB Jim Chalk
|
0-0: Foul Ball, location: 2F 0-1: Ball 1-1: Called Strike 1-2: Ball 2-2: Strikes out swinging
|
| Bottom of the 2nd over - 2 runs, 2 hits, 1 error, 2 left on base; Peoria 1 - Great Lakes 5 |
| TOP OF THE 3RD |
|
Peoria Chiefs batting - Pitching for Great Lakes Loons : RHP Mark McDonald
|
|
Batting: RHB Josh Martin
|
0-0: Called Strike 0-1: Ball 1-1: DOUBLE (Flyball, 8RXD, EV 103.8 MPH)
|
|
Batting: RHB Dan Boykins
|
0-0: SINGLE (Groundball, 6D, EV 98.1 MPH) Josh Martin to third
|
|
Batting: RHB Terry Baginski
|
0-0: Foul Ball, location: 2F 0-1: Ball 1-1: Ball 2-1: Ball 3-1: Called Strike 3-2: Base on Balls Dan Boykins to second
|
|
Pitching: RHP Santiago Montero
|
|
|
Batting: LHB Ken Compton
|
0-0: Ball 1-0: Called Strike 1-1: Ball 2-1: Ball 3-1: Foul Ball, location: 2F 3-2: SINGLE (Line Drive, 56, EV 95.6 MPH) Josh Martin scores Dan Boykins to third Terry Baginski to second
|
|
Batting: LHB Jayden Thomas
|
0-0: Called Strike 0-1: Ball 1-1: Ball 2-1: Foul Ball, location: 2F 2-2: Foul Ball, location: 2F 2-2: Strikes out swinging
|
|
Batting: RHB Chris Simmons
|
0-0: Ball 1-0: Foul Ball, location: 2F 1-1: Swinging Strike 1-2: Ball 2-2: Ball 3-2: Strikes out swinging
|
|
Batting: SHB Steve Barnett
|
0-0: Ball 1-0: Swinging Strike 1-1: SINGLE (Groundball, 34D, EV 101.9 MPH) Dan Boykins scores Terry Baginski to third Ken Compton to second Runner from 3rd tries for Home, throw by RF and OUT! 9-2
|
| Top of the 3rd over - 2 runs, 4 hits, 0 errors, 2 left on base; Peoria 3 - Great Lakes 5 |
| BOTTOM OF THE 3RD |
|
Great Lakes Loons batting - Pitching for Peoria Chiefs : RHP Matt Hamm
|
|
Batting: LHB Alberto Chavez
|
0-0: Foul Ball, location: 2F 0-1: Ball 1-1: Ball 2-1: Foul Ball, location: 2F 2-2: Ball 3-2: Strikes out swinging, 2-3 out at first.
|
|
Batting: RHB Phil Knox
|
0-0: Ball 1-0: Called Strike 1-1: Ground out 4-3 (Groundball, 4M, EV 80.6 MPH)
|
|
Batting: RHB Josh Kimbrell
|
0-0: SINGLE (Groundball, 6MD, EV 99.4 MPH)
|
|
Batting: RHB Santos Guadalupe
|
0-0: Called Strike 0-1: Called Strike 0-2: Ball 1-2: Strikes out swinging
|
| Bottom of the 3rd over - 0 runs, 1 hit, 0 errors, 1 left on base; Peoria 3 - Great Lakes 5 |
| TOP OF THE 4TH |
|
Peoria Chiefs batting - Pitching for Great Lakes Loons : RHP Santiago Montero
|
|
Batting: RHB Francisco Vargas
|
0-0: Called Strike 0-1: Called Strike 0-2: Ball 1-2: Ball 2-2: Ball 3-2: Foul Ball, location: 2F 3-2: Strikes out looking
|
|
Batting: RHB Perry Huse
|
0-0: Called Strike 0-1: Swinging Strike 0-2: Strikes out swinging
|
|
Batting: RHB Josh Martin
|
0-0: Ball 1-0: Ball 2-0: Called Strike 2-1: Ball 3-1: Called Strike 3-2: Strikes out swinging
|
| Top of the 4th over - 0 runs, 0 hits, 0 errors, 0 left on base; Peoria 3 - Great Lakes 5 |
| BOTTOM OF THE 4TH |
|
Great Lakes Loons batting - Pitching for Peoria Chiefs : RHP Matt Hamm
|
|
Batting: RHB Ken Jenkins
|
0-0: Ball 1-0: Ball 2-0: Fly out, F8 (Line Drive, 8LD, EV 88.1 MPH)
|
|
Batting: RHB Alex Mejia
|
0-0: Ball 1-0: Fly out, F7 (Flyball, 7LM, EV 100.6 MPH)
|
|
Batting: LHB Antonio Luis
|
0-0: Ball 1-0: Called Strike 1-1: SOLO HOME RUN (Flyball, 9D, EV 95.0 MPH), Distance : 364 ft
|
|
Pitching: RHP John Larimore
|
|
|
Batting: RHB Mike Sims
|
0-0: Ball 1-0: Swinging Strike 1-1: Called Strike 1-2: Foul Ball, location: 2F 1-2: Ball 2-2: Ball 3-2: Foul Ball, location: 2F 3-2: Strikes out swinging
|
| Bottom of the 4th over - 1 run, 1 hit, 0 errors, 0 left on base; Peoria 3 - Great Lakes 6 |
| TOP OF THE 5TH |
|
Peoria Chiefs batting - Pitching for Great Lakes Loons : RHP Santiago Montero
|
|
Batting: RHB Dan Boykins
|
0-0: Ball 1-0: Ball 2-0: Foul Ball, location: 2F 2-1: Swinging Strike 2-2: Ball 3-2: Foul Ball, location: 2F 3-2: Strikes out swinging
|
|
Batting: RHB Terry Baginski
|
0-0: Foul Ball, location: 2F 0-1: Ball 1-1: Ball 2-1: Swinging Strike 2-2: Ground out 4-3 (Groundball, 4, EV 85.6 MPH)
|
|
Batting: LHB Ken Compton
|
0-0: Ball 1-0: SINGLE (Groundball, 3S, EV 69.4 MPH) (infield hit)
|
|
Pitching: RHP Bobby Primaticcio
|
|
|
Batting: LHB Jayden Thomas
|
0-0: Ball Ken Compton is caught stealing 2nd base 2-6
|
| Top of the 5th over - 0 runs, 1 hit, 0 errors, 0 left on base; Peoria 3 - Great Lakes 6 |
| BOTTOM OF THE 5TH |
|
Great Lakes Loons batting - Pitching for Peoria Chiefs : RHP John Larimore
|
|
Batting: LHB Jim Chalk
|
0-0: Called Strike 0-1: Swinging Strike 0-2: Strikes out swinging
|
|
Batting: LHB Alberto Chavez
|
0-0: Ball 1-0: Ball 2-0: Called Strike 2-1: Foul Ball, location: 2F 2-2: Ball 3-2: Fly out, F4 (Flyball, 34D, EV 86.3 MPH)
|
|
Batting: RHB Phil Knox
|
0-0: DOUBLE (Line Drive, 5D, EV 97.5 MPH)
|
|
Batting: RHB Josh Kimbrell
|
0-0: Intentional Walk
|
|
Batting: RHB Santos Guadalupe
|
0-0: Called Strike 0-1: Ground out 4-3 (Groundball, 34, EV 103.1 MPH)
|
| Bottom of the 5th over - 0 runs, 1 hit, 0 errors, 2 left on base; Peoria 3 - Great Lakes 6 |
| TOP OF THE 6TH |
|
Peoria Chiefs batting - Pitching for Great Lakes Loons : RHP Bobby Primaticcio
|
|
Batting: LHB Jayden Thomas
|
0-0: Ball 1-0: Ball 2-0: Called Strike 2-1: Foul Ball, location: 2F 2-2: Ball 3-2: Base on Balls
|
|
Batting: RHB Chris Simmons
|
0-0: Called Strike 0-1: Ball 1-1: Ball Passed Ball! Jayden Thomas to second 2-1: Foul Ball, location: 2F 2-2: Ball 3-2: Strikes out swinging
|
|
Batting: SHB Steve Barnett
|
0-0: Foul Ball, location: 2F 0-1: Foul Ball, location: 2F 0-2: Strikes out swinging
|
|
Batting: RHB Francisco Vargas
|
0-0: Ball 1-0: SINGLE (Groundball, 6MD, EV 110.0 MPH) Jayden Thomas to third Runner from 3rd tries for Home, SAFE, throw by CF to home
|
|
Batting: RHB Perry Huse
|
0-0: Ball 1-0: Ball 2-0: Ball 3-0: Called Strike 3-1: Swinging Strike 3-2: Strikes out swinging
|
| Top of the 6th over - 1 run, 1 hit, 0 errors, 1 left on base; Peoria 4 - Great Lakes 6 |
| BOTTOM OF THE 6TH |
|
Great Lakes Loons batting - Pitching for Peoria Chiefs : RHP John Larimore
|
|
Batting: RHB Ken Jenkins
|
0-0: Ball 1-0: Fly out, F7 (Flyball, 7LS, EV 88.1 MPH)
|
|
Batting: RHB Alex Mejia
|
0-0: Called Strike 0-1: Foul Ball, location: 2F 0-2: Ball 1-2: Ball 2-2: Ball 3-2: Foul Ball, location: 2F 3-2: Foul Ball, location: 2F 3-2: Foul Ball, location: 2F 3-2: Strikes out looking
|
|
Batting: LHB Antonio Luis
|
0-0: Foul Ball, location: 2F 0-1: Ball 1-1: Called Strike 1-2: Ball 2-2: Foul Ball, location: 2F 2-2: Ground out 4-3 (Groundball, 4, EV 88.8 MPH)
|
| Bottom of the 6th over - 0 runs, 0 hits, 0 errors, 0 left on base; Peoria 4 - Great Lakes 6 |
| TOP OF THE 7TH |
|
Peoria Chiefs batting - Pitching for Great Lakes Loons : RHP Bobby Primaticcio
|
|
Pitching: RHP George Credle
|
|
|
Batting: RHB Josh Martin
|
0-0: Foul Ball, location: 2F 0-1: Fly out, F9 (Line Drive, 9, EV 93.8 MPH)
|
|
Batting: RHB Dan Boykins
|
0-0: Ball 1-0: Ball 2-0: Called Strike 2-1: Ground out 4-3 (Groundball, 4MD, EV 103.8 MPH)
|
|
Batting: RHB Terry Baginski
|
0-0: Ball 1-0: Ball 2-0: Foul Ball, location: 2F 2-1: Ball 3-1: Base on Balls
|
|
Batting: LHB Ken Compton
|
0-0: Ball 1-0: Ball 2-0: Foul Ball, location: 2F 2-1: Ground out 4-3 (Groundball, 34, EV 98.8 MPH)
|
| Top of the 7th over - 0 runs, 0 hits, 0 errors, 1 left on base; Peoria 4 - Great Lakes 6 |
| BOTTOM OF THE 7TH |
|
Great Lakes Loons batting - Pitching for Peoria Chiefs : RHP John Larimore
|
|
Pitching: RHP Alfonso Garza
|
|
|
Batting: RHB Mike Sims
|
0-0: Ball 1-0: Ball 2-0: Ball 3-0: Called Strike 3-1: Ground out 5-3 (Groundball, 56, EV 108.1 MPH)
|
|
Pitching: RHP Bryan Vandenburgh
|
|
|
Batting: LHB Jim Chalk
|
0-0: Called Strike 0-1: Ball 1-1: Foul Ball, location: 2F 1-2: Ball 2-2: Fly out, F8 (Line Drive, 8RD, EV 91.3 MPH)
|
|
Batting: LHB Alberto Chavez
|
0-0: Ground out U3 (Groundball, 34S, EV 64.4 MPH)
|
| Bottom of the 7th over - 0 runs, 0 hits, 0 errors, 0 left on base; Peoria 4 - Great Lakes 6 |
| TOP OF THE 8TH |
|
Peoria Chiefs batting - Pitching for Great Lakes Loons : RHP George Credle
|
|
Pitching: RHP Yuichi Nozawa
|
|
|
Batting: LHB Jayden Thomas
|
0-0: Ball 1-0: Ball 2-0: Foul Ball, location: 2F 2-1: Ball 3-1: Base on Balls
|
|
Pinch Hitting: SHB Bobby O'Leary
|
0-0: Ball 1-0: Foul Ball, location: 2F 1-1: Ball 2-1: Swinging Strike 2-2: Ball 3-2: Strikes out looking and he ARGUES THE CALL AND IS TOSSED!
|
|
Batting: SHB Steve Barnett
|
0-0: Ball 1-0: Grounds into double play, 5-4-3 (Groundball, 56, EV 87.5 MPH)
|
| Top of the 8th over - 0 runs, 0 hits, 0 errors, 0 left on base; Peoria 4 - Great Lakes 6 |
| BOTTOM OF THE 8TH |
|
Great Lakes Loons batting - Pitching for Peoria Chiefs : RHP Bryan Vandenburgh
|
|
Now at 3B: Josh Martin
|
|
|
Now at SS: Travis Leonard
|
|
|
Batting: RHB Phil Knox
|
0-0: Ball 1-0: Fly out, F7 (Flyball, 7S, EV 89.4 MPH)
|
|
Batting: RHB Josh Kimbrell
|
0-0: Ball 1-0: Ball 2-0: Ball 3-0: Called Strike 3-1: Ground out 6-3 (Groundball, 56D, EV 102.5 MPH)
|
|
Batting: RHB Santos Guadalupe
|
0-0: Called Strike 0-1: SINGLE (Groundball, 4D, EV 103.8 MPH)
|
|
Batting: RHB Ken Jenkins
|
0-0: Called Strike 0-1: Called Strike 0-2: Ground out U3 (Groundball, 3, EV 79.4 MPH)
|
| Bottom of the 8th over - 0 runs, 1 hit, 0 errors, 1 left on base; Peoria 4 - Great Lakes 6 |
| TOP OF THE 9TH |
|
Peoria Chiefs batting - Pitching for Great Lakes Loons : RHP Yuichi Nozawa
|
|
Pitching: RHP Angel Rivas
|
|
|
Batting: RHB Francisco Vargas
|
0-0: Ground out 5-3 (Groundball, 56S, EV 91.9 MPH)
|
|
Batting: RHB Perry Huse
|
0-0: Foul Ball, location: 2F 0-1: Ball 1-1: Swinging Strike 1-2: Ball 2-2: Ball 3-2: Strikes out swinging
|
|
Batting: RHB Josh Martin
|
0-0: Called Strike 0-1: Ball 1-1: Ground out 4-3 (Groundball, 4, EV 105.6 MPH)
|
| Top of the 9th over - 0 runs, 0 hits, 0 errors, 0 left on base; Peoria 4 - Great Lakes 6 |
|